MLB
LOS ANGELES (A) ANGELS @ OAKLAND ATHLETICS
05/03/2042
 
TOP OF THE 1ST
Los Angeles (A) Angels batting - Pitching for Oakland Athletics : LHP Tim Lewis
Pitching: LHP Tim Lewis
Batting: SHB Pancho Baca 0-0: Foul Ball, location: 5SF
0-1: Ball
1-1: Foul Ball, location: 9LDF
1-2: Ground out 4-3 (Groundball, 4M, EV 85.0 MPH)
Batting: RHB Juan Nava 0-0: Swinging Strike
0-1: Ball
1-1: Foul Ball, location: 2F
1-2: Foul Ball, location: 2F
1-2: Foul Ball, location: 2F
1-2: Strikes out swinging
Batting: RHB Joe Poole 0-0: Called Strike
0-1: Foul Ball, location: 3F
0-2: Ball
1-2: Ball
2-2: Ground out 5-3 (Groundball, 56, EV 79.4 MPH)
Top of the 1st over - 0 runs, 0 hits, 0 errors, 0 left on base; Los Angeles (A) 0 - Oakland 0
BOTTOM OF THE 1ST
Oakland Athletics batting - Pitching for Los Angeles (A) Angels : LHP Ty Gentry
Pitching: LHP Ty Gentry
Batting: RHB Ed Hicks 0-0: Ball
1-0: Foul Ball, location: 3F
1-1: Foul Ball, location: 25FF
1-2: Strikes out swinging
Batting: RHB Jim Foxworthy 0-0: Foul Ball, location: 7LMF
0-1: Called Strike
0-2: Strikes out swinging
Batting: RHB Héctor González 0-0: Called Strike
0-1: Fly out, F2 (Popup, 15S, EV 86.9 MPH)
Bottom of the 1st over - 0 runs, 0 hits, 0 errors, 0 left on base; Los Angeles (A) 0 - Oakland 0
TOP OF THE 2ND
Los Angeles (A) Angels batting - Pitching for Oakland Athletics : LHP Tim Lewis
Batting: RHB Brad Rasmussen 0-0: Called Strike
0-1: Called Strike
0-2: Foul Ball, location: 23F
0-2: Ball
1-2: Foul Ball, location: 9LSF
1-2: Ball
2-2: Foul Ball, location: 23FF
2-2: Ball
3-2: Strikes out looking
Batting: RHB Chris Stephens 0-0: Swinging Strike
0-1: Fly out, F8 (Line Drive, 89D, EV 88.8 MPH)
Batting: LHB Tony Morín 0-0: Foul Ball, location: 7LSF
0-1: Foul Ball, location: 3F
0-2: Strikes out swinging
Top of the 2nd over - 0 runs, 0 hits, 0 errors, 0 left on base; Los Angeles (A) 0 - Oakland 0
BOTTOM OF THE 2ND
Oakland Athletics batting - Pitching for Los Angeles (A) Angels : LHP Ty Gentry
Batting: RHB Devin Hogan 0-0: Ball
1-0: Called Strike
1-1: Foul Ball, location: 7LSF
1-2: Ball
2-2: Ball
3-2: Ground out 5-3 (Groundball, 56S, EV 88.8 MPH)
Batting: SHB Steve Dodd 0-0: Called Strike
0-1: Ball
1-1: Called Strike
1-2: Strikes out looking
Batting: RHB Jody Dailey 0-0: Ground out 6-3 (Groundball, 6, EV 105.0 MPH)
Bottom of the 2nd over - 0 runs, 0 hits, 0 errors, 0 left on base; Los Angeles (A) 0 - Oakland 0
TOP OF THE 3RD
Los Angeles (A) Angels batting - Pitching for Oakland Athletics : LHP Tim Lewis
Batting: RHB David Pacheco 0-0: Ball
1-0: Fly out, F9 (Flyball, 9LM, EV 85.6 MPH)
Batting: RHB Erik Lark 0-0: Called Strike
0-1: Fly out, F8 (Flyball, 8LXD, EV 108.8 MPH)
Batting: LHB Bobby Fontenot 0-0: Fly out, F9 (Flyball, 89D, EV 111.3 MPH)
Top of the 3rd over - 0 runs, 0 hits, 0 errors, 0 left on base; Los Angeles (A) 0 - Oakland 0
BOTTOM OF THE 3RD
Oakland Athletics batting - Pitching for Los Angeles (A) Angels : LHP Ty Gentry
Batting: RHB Jesús García 0-0: Ground out 6-3 (Groundball, 6, EV 102.5 MPH)
Batting: RHB Tom Doherty 0-0: Foul Ball, location: 2F
0-1: Ground out 6-3 (Groundball, 6S, EV 77.5 MPH)
Batting: RHB Stu Braun 0-0: TRIPLE (Flyball, 89XD, EV 100.0 MPH)
Batting: RHB Ed Hicks 0-0: Foul Ball, location: 9LMF
0-1: Ground out 2-3 (Groundball, 2R, EV 66.3 MPH)
Bottom of the 3rd over - 0 runs, 1 hit, 0 errors, 1 left on base; Los Angeles (A) 0 - Oakland 0
TOP OF THE 4TH
Los Angeles (A) Angels batting - Pitching for Oakland Athletics : LHP Tim Lewis
Batting: SHB Pancho Baca 0-0: Ball
1-0: Foul Ball, location: 3FF
1-1: Called Strike
1-2: TRIPLE (Line Drive, 8RXD, EV 104.4 MPH)
Batting: RHB Juan Nava 0-0: Ball
1-0: Ball
2-0: Ball
3-0: Base on Balls
Batting: RHB Joe Poole 0-0: Ball
1-0: Ball
2-0: Called Strike
Juan Nava is caught stealing 2nd base 2-4
2-1: Swinging Strike
2-2: Ball
3-2: Fly out, F8 (Flyball, 8RD, EV 91.3 MPH)
Runner from 3rd tags up, SCORES, no throw by CF
Batting: RHB Brad Rasmussen 0-0: Called Strike
0-1: DOUBLE (Groundball, 5L, EV 108.1 MPH)
Batting: RHB Chris Stephens 0-0: Called Strike
0-1: Called Strike
0-2: Strikes out looking
Top of the 4th over - 1 run, 2 hits, 0 errors, 1 left on base; Los Angeles (A) 1 - Oakland 0
BOTTOM OF THE 4TH
Oakland Athletics batting - Pitching for Los Angeles (A) Angels : LHP Ty Gentry
Batting: RHB Jim Foxworthy 0-0: Fly out, F7 (Flyball, 7D, EV 111.9 MPH)
Batting: RHB Héctor González 0-0: Called Strike
0-1: Ball
1-1: Foul Ball, location: 2F
1-2: Ball
2-2: Ball
3-2: Base on Balls
Batting: RHB Devin Hogan 0-0: Called Strike
0-1: SINGLE (Groundball, 4MD, EV 106.9 MPH)
Héctor González to second
Batting: SHB Steve Dodd 0-0: Ball
1-0: Ball
2-0: Called Strike
2-1: Called Strike
2-2: Ball
3-2: Foul Ball, location: 9LMF
3-2: Base on Balls
Héctor González to third
Devin Hogan to second
Batting: RHB Jody Dailey 0-0: Foul Ball, location: 9LSF
0-1: Ball
1-1: Foul Ball, location: 2F
1-2: Ball
2-2: Strikes out swinging
Batting: RHB Jesús García 0-0: Swinging Strike
0-1: DOUBLE (Line Drive, 9LS, EV 101.9 MPH)
Héctor González scores
Devin Hogan scores
Steve Dodd to third
Runner from 3rd tries for Home, SAFE, throw by RF to home
Batting: RHB Tom Doherty 0-0: Called Strike
0-1: Ball
1-1: Fly out, F7 (Flyball, 78M, EV 93.8 MPH)
Bottom of the 4th over - 3 runs, 2 hits, 0 errors, 1 left on base; Los Angeles (A) 1 - Oakland 3
TOP OF THE 5TH
Los Angeles (A) Angels batting - Pitching for Oakland Athletics : LHP Tim Lewis
Batting: LHB Tony Morín 0-0: Called Strike
0-1: Ball
1-1: Ball
2-1: Foul Ball, location: 3DF
2-2: Strikes out swinging
Batting: RHB David Pacheco 0-0: SINGLE (Groundball, 4D, EV 100.0 MPH)
Batting: RHB Erik Lark 0-0: Ball
1-0: Ball
2-0: Called Strike
2-1: Grounds into double play, 6-4-3 (Groundball, 6, EV 78.1 MPH)
Top of the 5th over - 0 runs, 1 hit, 0 errors, 0 left on base; Los Angeles (A) 1 - Oakland 3
BOTTOM OF THE 5TH
Oakland Athletics batting - Pitching for Los Angeles (A) Angels : LHP Ty Gentry
Batting: RHB Stu Braun 0-0: Ground out 6-3 (Groundball, 6, EV 103.8 MPH)
Batting: RHB Ed Hicks 0-0: SINGLE (Groundball, 6MD, EV 105.6 MPH)
Batting: RHB Jim Foxworthy 0-0: Ball
1-0: Called Strike
1-1: Ball
2-1: Called Strike
2-2: Ball
3-2: Strikes out swinging
Ed Hicks is caught stealing 2nd base 2-4
Batter strikes out.
Bottom of the 5th over - 0 runs, 1 hit, 0 errors, 0 left on base; Los Angeles (A) 1 - Oakland 3
TOP OF THE 6TH
Los Angeles (A) Angels batting - Pitching for Oakland Athletics : LHP Tim Lewis
Batting: LHB Bobby Fontenot 0-0: Called Strike
0-1: Ball
1-1: DOUBLE (Flyball, 78XD, EV 99.4 MPH)
Batting: SHB Pancho Baca 0-0: Ground out 5-3 (Groundball, 56, EV 99.4 MPH)
Batting: RHB Juan Nava 0-0: Called Strike
0-1: Ball
1-1: Ground out 4-3 (Groundball, 4, EV 83.1 MPH)
Bobby Fontenot to third
Batting: RHB Joe Poole 0-0: Called Strike
0-1: Ball
1-1: Ball
2-1: Swinging Strike
2-2: Ball
3-2: Strikes out looking
Top of the 6th over - 0 runs, 1 hit, 0 errors, 1 left on base; Los Angeles (A) 1 - Oakland 3
BOTTOM OF THE 6TH
Oakland Athletics batting - Pitching for Los Angeles (A) Angels : LHP Ty Gentry
Batting: RHB Héctor González 0-0: Swinging Strike
0-1: Ball
1-1: Ball
2-1: Ball
3-1: Base on Balls
Batting: RHB Devin Hogan 0-0: Foul Ball, location: 23F
0-1: Swinging Strike
0-2: Strikes out looking
Batting: SHB Steve Dodd 0-0: Called Strike
0-1: Swinging Strike
0-2: Strikes out swinging
Batting: RHB Jody Dailey 0-0: Ball
1-0: Foul Ball, location: 2F
1-1: Called Strike
1-2: Strikes out swinging
Bottom of the 6th over - 0 runs, 0 hits, 0 errors, 1 left on base; Los Angeles (A) 1 - Oakland 3
TOP OF THE 7TH
Los Angeles (A) Angels batting - Pitching for Oakland Athletics : LHP Tim Lewis
Batting: RHB Brad Rasmussen 0-0: Ground out 5-3 (Groundball, 56S, EV 86.3 MPH)
Batting: RHB Chris Stephens 0-0: Ball
1-0: Foul Ball, location: 23F
1-1: DOUBLE (Flyball, 89XD, EV 92.5 MPH)
Batting: LHB Tony Morín 0-0: Fly out, F9 (Flyball, 9S, EV 85.6 MPH)
Batting: RHB David Pacheco 0-0: Ground out 5-3 (Groundball, 56, EV 101.9 MPH)
Top of the 7th over - 0 runs, 1 hit, 0 errors, 1 left on base; Los Angeles (A) 1 - Oakland 3
BOTTOM OF THE 7TH
Oakland Athletics batting - Pitching for Los Angeles (A) Angels : LHP Ty Gentry
Batting: RHB Jesús García 0-0: Called Strike
0-1: Fly out, F7 (Flyball, 7LMF, EV 98.1 MPH)
Batting: RHB Tom Doherty 0-0: Foul Ball, location: 7LSF
0-1: Swinging Strike
0-2: Strikes out swinging
Batting: RHB Stu Braun 0-0: Ball
1-0: Called Strike
1-1: Swinging Strike
1-2: Strikes out swinging
Bottom of the 7th over - 0 runs, 0 hits, 0 errors, 0 left on base; Los Angeles (A) 1 - Oakland 3
TOP OF THE 8TH
Los Angeles (A) Angels batting - Pitching for Oakland Athletics : LHP Tim Lewis
Batting: RHB Erik Lark 0-0: Foul Ball, location: 9LSF
0-1: Swinging Strike
0-2: Fly out, F9 (Flyball, 9D, EV 105.6 MPH)
Batting: LHB Bobby Fontenot 0-0: Foul Ball, location: 2F
0-1: Ball
1-1: Ball
2-1: Called Strike
2-2: Strikes out swinging
Batting: SHB Pancho Baca 0-0: Ball
1-0: Called Strike
1-1: SOLO HOME RUN (Line Drive, 78XD, EV 107.5 MPH) (Inside the Park)
Batting: RHB Juan Nava 0-0: Reached via error on a dropped throw from P, E3 (Groundball, 13S, EV 73.1 MPH)
Batting: RHB Joe Poole 0-0: Called Strike
0-1: Ball
1-1: Ball
2-1: SINGLE (Line Drive, 78S, EV 106.9 MPH)
Juan Nava to second
Runner from 2nd tries for 3rd, SAFE, throw by LF made to third
Pitching: RHP Norm Roy
Batting: RHB Brad Rasmussen 0-0: Ball
1-0: Called Strike
1-1: Swinging Strike
1-2: Ball
2-2: Strikes out looking
Top of the 8th over - 1 run, 2 hits, 1 error, 2 left on base; Los Angeles (A) 2 - Oakland 3
BOTTOM OF THE 8TH
Oakland Athletics batting - Pitching for Los Angeles (A) Angels : LHP Ty Gentry
Batting: RHB Ed Hicks 0-0: Ball
1-0: Foul Ball, location: 5F
1-1: Swinging Strike
1-2: Strikes out swinging
Batting: RHB Jim Foxworthy 0-0: Ball
1-0: Ball
2-0: Fly out, F6 (Line Drive, 6, EV 70.6 MPH)
Batting: RHB Héctor González 0-0: Ball
1-0: Called Strike
1-1: Called Strike
1-2: Ball
2-2: Ball
3-2: Foul Ball, location: 2F
3-2: Foul Ball, location: 7LSF
3-2: Strikes out swinging
Bottom of the 8th over - 0 runs, 0 hits, 0 errors, 0 left on base; Los Angeles (A) 2 - Oakland 3
TOP OF THE 9TH
Los Angeles (A) Angels batting - Pitching for Oakland Athletics : RHP Norm Roy
Batting: RHB Chris Stephens 0-0: Ball
1-0: Swinging Strike
1-1: Ball
2-1: Ball
3-1: Foul Ball, location: 25F
3-2: Ground out 6-3 (Groundball, 6, EV 77.5 MPH)
Pitching: LHP Johnny George
Pinch Hitting: RHB César Montés 0-0: Called Strike
0-1: Foul Ball, location: 3DF
0-2: Ball
1-2: Ball
2-2: Foul Ball, location: 7LDF
2-2: Strikes out swinging
Batting: RHB David Pacheco 0-0: Swinging Strike
0-1: Ball
1-1: Foul Ball, location: 2F
1-2: Foul Ball, location: 2F
1-2: Strikes out swinging
Top of the 9th over - 0 runs, 0 hits, 0 errors, 0 left on base; Los Angeles (A) 2 - Oakland 3
Friday, May 3rd , 2024 - OOTP Baseball 24.10 Build 82